Map: Катализатор РВ

Players

Murena - Winner!

  • Race: Terran Terran
  • Spawn Location: 5:00

ИИ 1 (ученик)

  • Race: Terran Terran
  • Spawn Location: 11:00

VOD

Have the link to the VOD?

Description

Time

  • Played on: March 29, 2019, 4:11 p.m.
  • Length: 10:36
Show
View Real Time Build Order
Export as new Build Order

Murena Terran - Winner!

Build Orders:  

Get SALT Encoding   

  12  0:01  SCV  
  13  0:13  SCV  
  14  0:19  Supply Depot  
  14  0:25  SCV  
  15  0:41  Barracks, SCV  
  16  0:46  Refinery  
  16  0:53  SCV  
  17  1:06  Barracks  
  17  1:07  SCV  
  18  1:16  Supply Depot  
  18  1:20  SCV  
  19  1:28  Marine  
  20  1:37  Orbital Command  
  20  1:47  Marine  
  20  1:53  Marine  
  22  1:58  Refinery  
  22  2:03  Factory, SCV  
  22  2:07  Marine  
  24  2:12  Barracks Reactor  
  24  2:16  SCV  
  25  2:26  Marine  
  25  2:28  SCV  
  27  2:37  Factory  
  27  2:40  SCV  
  28  2:44  Barracks Reactor  
  28  2:47  Factory Tech Lab  
  28  2:50  Marine, Supply Depot  
  29  2:52  Marine  
  29  2:56  SCV  
  31  3:08  Armory  
  31  3:14  SCV  
  31  3:16  Marine x2  
  34  3:20  Marine  
  34  3:21  Marine  
  34  3:22  Factory Tech Lab  
  36  3:44  SCV  
  36  3:47  Command Center  
  37  3:57  SCV  
  37  3:59  Supply Depot, Marine  
  39  4:18  Supply Depot  
  39  4:20  Marine  
  39  4:21  Thor  
  46  4:25  SCV  
  47  4:40  Thor  
  47  4:43  SCV  
  47  4:45  Marine  
  55  4:55  Supply Depot  
  55  4:59  Orbital Command  
  55  5:05  SCV  
  56  5:16  Bunker, Refinery  
  56  5:22  Thor  
  56  5:25  SCV  
  56  5:27  SCV  
  64  5:39  Thor  
  70  5:46  Supply Depot  
  70  5:47  SCV  
  70  5:48  SCV  
  72  5:56  Supply Depot  
  72  6:00  SCV  
  72  6:02  SCV  
  72  6:04  Marine x2  
  75  6:06  Marine x2  
  75  6:11  Thor  
  84  6:21  Supply Depot, SCV  
  84  6:22  SCV  
  86  6:28  Thor  
  92  6:34  SCV  
  92  6:38  Refinery  
  92  6:39  Marine  
  94  6:43  Supply Depot  
  94  6:44  SCV  
  95  6:49  Engineering Bay  
  95  6:51  SCV  
  96  6:55  Thor  
  102  7:06  Barracks, SCV  
  102  7:07  SCV  
  104  7:14  Thor  
  110  7:19  Supply Depot  
  110  7:23  Missile Turret  
  110  7:24  Missile Turret  
  110  7:29  Supply Depot  
  110  7:41  Thor  
  116  7:53  SCV x2  
  116  7:54  Barracks Tech Lab  
  116  7:55  Marine x2  
  116  7:56  Marine x2  
  122  8:00  Hellion  
Show
View Real Time Build Order
Export as new Build Order

ИИ 1 (ученик) Terran 

Build Orders:  

Get SALT Encoding   

  12  0:00  SCV  
  13  0:13  SCV  
  14  0:18  Supply Depot  
  14  0:52  Command Center  
  14  0:54  SCV  
  15  1:06  SCV  
  16  1:12  Barracks  
  16  1:19  SCV  
  16  1:21  Refinery  
  17  1:31  SCV  
  18  1:43  Barracks, SCV  
  19  1:55  SCV  
  19  1:59  Marine  
  19  2:00  Refinery  
  21  2:06  SCV  
  21  2:07  SCV  
  23  2:17  Marine  
  24  2:23  Bunker  
  24  2:24  SCV  
  24  2:28  SCV  
  26  2:40  Marine  
  26  2:42  Factory  
  27  2:46  Marine  
  27  2:48  SCV  
  29  2:53  SCV  
  30  3:00  Supply Depot  
  30  3:01  SCV  
  30  3:05  Barracks Reactor  
  31  3:07  Marine  
  31  3:11  SCV  
  33  3:15  SCV  
  34  3:25  Orbital Command  
  34  3:27  Factory Tech Lab, SCV  
  34  3:30  Barracks Tech Lab  
  35  3:39  Factory  
  35  3:40  SCV  
  36  3:42  Marine  
  36  3:48  Marine  
  37  3:52  SCV  
  37  3:54  Hellion  
  41  3:56  SCV  
  41  4:00  Marauder  
  44  4:04  Concussive Shells  
  44  4:06  Supply Depot  
  44  4:08  SCV  
  45  4:10  Marine  
  45  4:16  Supply Depot  
  46  4:20  Orbital Command  
  46  4:23  Factory Tech Lab  
  46  4:28  Marine  
  47  4:32  Supply Depot  
  47  4:34  Marauder  
  49  4:39  Marine  
  49  4:40  SCV  
  54  4:45  Cyclone  
  54  4:46  Engineering Bay  
  54  4:51  Cyclone  
  57  4:55  Combat Shield  
  57  4:56  Marine  
  57  4:57  SCV  
  59  5:01  SCV  
  59  5:02  Marine  
  59  5:05  Supply Depot  
  61  5:09  SCV, Marauder  
  64  5:14  SCV  
  64  5:17  Terran Infantry Weapons Level 1, Cyclone  
  64  5:20  Marine  
  69  5:26  SCV, Hellion  
  72  5:31  Missile Turret, SCV  
  72  5:32  Marauder  
  72  5:35  Missile Turret  
  75  5:37  Marine, Refinery  
  75  5:42  Supply Depot  
  76  5:43  Marine, SCV  
  78  5:55  Barracks  
  78  5:58  Supply Depot  
  78  6:00  Armory  
  80  6:04  Marauder  
  80  6:09  Marine  
  81  6:15  Marine, Stimpack  
  82  6:20  Starport  
  82  6:21  Hellion  
  82  6:23  Supply Depot  
  84  6:26  Refinery  
  84  6:27  Hellion  
  86  6:32  Marine  
  86  6:38  Marine  
  88  6:43  Barracks Tech Lab  
  88  6:44  Marine  
  89  6:50  Marine  
  89  6:52  Supply Depot  
  90  6:55  Thor  
  90  6:58  Starport Reactor  
  96  7:01  Marine  
  96  7:07  Marauder  
  99  7:13  Cyclone  
  99  7:14  SCV  
  103  7:15  Supply Depot  
  103  7:18  SCV  
  103  7:19  Marauder  
  106  7:26  SCV  
  107  7:30  SCV  
  107  7:34  Medivac  
  107  7:35  Factory  
  110  7:38  SCV  
  110  7:39  Supply Depot  
  110  7:40  Command Center  
  110  7:42  SCV  
  112  7:50  SCV  
  113  7:55  SCV  
  114  8:01  Terran Infantry Weapons Level 2  
  114  8:02  SCV  
  115  8:07  SCV  
  106  8:12  Supply Depot  
  106  8:14  Marine, SCV  
  106  8:16  Marine  
  106  8:18  Marine  
  106  8:19  Factory Tech Lab, SCV  
  74  8:21  Marine  
  74  8:26  SCV  
  74  8:32  Marine  
  75  8:34  Marine  
  75  8:36  Marine  
  75  8:38  Marine  
  78  8:49  Marine  
  78  8:51  Cyclone  
  78  8:52  Marine  
  78  8:54  Marine  
  84  8:57  Marauder  
  84  9:01  Factory  
  86  9:07  Marine  
  87  9:10  Marine  
  87  9:12  Marine  
  87  9:13  Refinery  
  89  9:18  Marauder  
  89  9:23  Refinery  
  68  9:25  Marine  
  68  9:27  Marine  
  68  9:30  Marine  
  61  9:39  Marine  
  61  9:43  Marine  
  61  9:44  Thor  
  63  9:45  Marine, Factory Tech Lab  
  63  9:46  Medivac  
  63  9:47  Marine  
  56  9:54  Command Center  
  56  9:57  Marine  
  44  10:01  Marine  
  44  10:03  Marine  
  44  10:05  Marine  
  35  10:15  Marine  
  15  10:28  Barracks Tech Lab  
Tags
 
Add a new tag
Caveats
  • Supply blocks, unpowered buildings, or Contaminate may cause inaccurate times.
  • Supply counts are checked every 10 seconds.